 Dungeon Crawl Stone Soup version 0.21-a0-404-g291f19a (webtiles) character file.

21974 wisey the Fencer (level 12, -22/112 HPs)
             Began as a Minotaur Berserker on Oct 27, 2017.
             Was a High Priest of Trog.
             Annihilated by an ettin
             ... wielding a +0 great mace
              (29 damage)
             ... on level 2 of the Orcish Mines.
             The game lasted 00:57:30 (12070 turns).

wisey the Fencer (Minotaur Berserker)              Turns: 12070, Time: 00:57:31

Health: -22/112    AC: 20    Str: 22    XL:     12   Next: 58%
Magic:  10/10      EV: 11    Int:  4    God:    Trog [*****.]
Gold:   1446       SH:  0    Dex: 15    Spells: 11/11 levels left

rFire    . . .     SeeInvis +   S - +4 double sword (elec)
rCold    + . .     Gourm    .   (no shield)
rNeg     . . .     Faith    .   i - +0 plate armour
rPois    +         Spirit   .   (helmet restricted)
rElec    .         Reflect  .   A - +2 cloak {MR+}
rCorr    .         Harm     .   G - +0 pair of gloves
MR       +++..     Clarity  +   (no boots)
Stlth    ..........             (no amulet)
HPRegen  1.28/turn              g - ring of see invisible
MPRegen  0.12/turn              b - ring of poison resistance

@: about to teleport, berserk cooldown, regenerating, slowed, very slow
A: retaliatory headbutt, horns 2, talons 1, repulsion field 1, blink, clarity,
cold resistance 1, low mp 1, wild magic 1, no potion heal 1
a: Blink, Berserk, Trog's Hand, Brothers in Arms, Burn Spellbooks, Renounce
Religion


You were on level 2 of the Orcish Mines.
You worshipped Trog.
Trog was extremely pleased with you.
You were near starving.

You visited 2 branches of the dungeon, and saw 14 of its levels.
You also visited: Ossuary.

You collected 1446 gold pieces.

Inventory:

Hand Weapons
 w - a +5 great sword
 P - a +2 long sword of slicing
 Q - a +0 demon trident
 S - a +4 double sword of electrocution (weapon)
Armour
 h - a +0 troll leather armour
 i - a +0 plate armour (worn)
 A - a +2 cloak of magic resistance (worn)
 G - a +0 pair of gloves (worn)
 H - a +0 shield
 O - a +0 scale mail of magic resistance
Jewellery
 b - a ring of poison resistance (right hand)
 g - a ring of see invisible (left hand)
 z - an uncursed ring of stealth
 J - an uncursed ring of stealth
 M - an uncursed ring of ice
Wands
 t - a wand of polymorph (15/24)
 K - a wand of iceblast (10/15)
Scrolls
 k - 5 scrolls of teleportation
 l - 4 scrolls of magic mapping
 m - 5 scrolls of enchant armour
 n - 2 scrolls of fog
 o - a scroll of fear
 p - 4 scrolls of recharging
 y - a scroll of enchant weapon
 C - 5 scrolls of remove curse
 D - 2 scrolls of random uselessness
 F - a scroll of blinking
 R - a scroll of summoning {unknown}
 W - a scroll of identify
Potions
 d - 8 potions of heal wounds
 e - a potion of berserk rage
 j - 5 potions of brilliance
 q - 7 potions of curing
 r - 2 potions of flight
 u - a potion of ambrosia {unknown}
 v - 2 potions of mutation
 x - 3 potions of lignification {unknown}
 E - 4 potions of haste {unknown}
 I - 2 potions of invisibility {unknown}
 L - a potion of might
Books
 a - a book of Dreams

   Spells                             Type                      Level
   a - Ensorcelled Hibernation        Hexes/Ice                    2
   b - Silence                        Hexes/Air                    5
   c - Darkness                       Hexes                        6
   d - Shadow Creatures               Summoning                    6
   Trog disapproves of the use of such an item.
 U - a book of Minor Magic

   Spells                             Type                      Level
   a - Magic Dart                     Conjuration                  1
   b - Blink                          Translocation                2
   c - Call Imp                       Summoning                    2
   d - Slow                           Hexes                        2
   e - Conjure Flame                  Conjuration/Fire             3
   f - Mephitic Cloud                 Conjuration/Poison/Air       3
   Trog disapproves of the use of such an item.
 X - a book of Transfigurations

   Spells                             Type                      Level
   a - Irradiate                      Conjuration/Transmutation    5
   b - Statue Form                    Transmutation/Earth          6
   c - Hydra Form                     Transmutation                6
   d - Dragon Form                    Transmutation                7
   Trog disapproves of the use of such an item.
Miscellaneous
 N - a phantom mirror
 T - a sack of spiders
Comestibles
 c - 4 bread rations
 f - 6 royal jellies
 s - 2 fruits
 B - 7 meat rations


   Skills:
 + Level 12.0 Fighting
 + Level 16.0 Long Blades
   Level 8.7 Maces & Flails
 + Level 1.2 Throwing
 + Level 11.7 Armour
 + Level 4.2 Dodging
 + Level 1.1 Evocations


You had 11 spell levels left.
You didn't know any spells.

Dungeon Overview and Level Annotations

Branches:
Dungeon (12/15)            Temple (0/1) D:7            Lair (0/6) D:10
    Orc (2/2) D:10            Elf (0/3) Orc:2

Altars:
Makhleb
Okawaru
Ru
Sif Muna
Uskayaw
Vehumet
Yredelemnul
Lugonu

Shops:
D:6 ==   Orc:2 (%!


Innate Abilities, Weirdness & Mutations

You reflexively headbutt those who attack you in melee.
You have a pair of horns on your head.
You have sharp toenails.
You are surrounded by a mild repulsion field. (EV +2)
You can translocate small distances at will.
You possess an exceptional clarity of mind.
Your flesh is cold resistant. (rC+)
Your magical capacity is low. (-10% MP)
Your spells are a little harder to cast, but a little more powerful.
Potions are less effective at restoring your health.


Message History

The two-headed ogre hits you with a giant spiked club!
* * * LOW HITPOINT WARNING * * *
The deep troll barely misses you. You furiously retaliate!
You headbutt the deep troll, but do no damage.
You riposte.
You slash the deep troll! You claw the deep troll.
The deep troll is moderately wounded.
The deep troll claws you.
* * * LOW HITPOINT WARNING * * *
The deep troll claws you.
* * * LOW HITPOINT WARNING * * *
The ogre mage hits you but does no damage.
The ogre barely misses you. The ogre hits you but does no damage.
The two-headed ogre hits you with a giant club.
* * * LOW HITPOINT WARNING * * *
The two-headed ogre hits you with a giant spiked club.
* * * LOW HITPOINT WARNING * * *
Found Xozxuamp's Distillery.
As you read the scroll of teleportation, it crumbles to dust.
You feel strangely unstable. The ettin hits you with a great mace!!
You die...

## ###.##########
##.......#....#
#......∩.CO.... # ##
#.......OO..T..
##.##.###...OOTOOO.O...
#....$.^...C.OO@OOTO...
##.##......O.TOC..O....
#....#.)[...#OT.....T..
#.....)((......#...O..
##.........#######....
###..........## ####
$....#.###....#
....#.........# ...
##.......##


You could see an ettin, 6 two-headed ogres, 2 ogre magi, 2 deep trolls, 2
cyclopes, 4 trolls and 11 ogres.

Vanquished Creatures
  A stone giant (Orc:2)
  Fannar (D:10)
  A hydra (D:12)
  The ghost of kae the Geomancer, a journeyman GrEE of Vehumet (D:10)
  4 two-headed ogres
  An unseen horror (D:11)
  Pikel (D:8)
  An ugly thing (D:9)
  2 cyclopes
  A gargoyle (D:12)
  The ghost of jhonbiscuit the Ruffian, an amateur TrMo (D:4)
  The ghost of Rhok the Skirmisher, an amateur CeCK of Xom (D:5)
  6 trolls
  2 red devils (D:10)
  A meliai (D:7)
  5 hippogriffs
  A wyvern (D:8)
  A human (D:10)
  3 yaks (D:10)
  4 hogs (D:10)
  A wraith (D:12)
  A hungry ghost (D:7)
  A steam dragon (D:8)
  2 vampire mosquitoes (D:12)
  3 wargs
  Duvessa (D:5)
  2 water moccasins
  A slave (D:8)
  9 orc warriors
  3 black bears
  3 ice beasts
  3 sky beasts
  A necrophage (D:12)
  3 phantoms
  14 ogres
  A big kobold (D:12)
  An elf zombie (Ossuary)
  Blork the orc (D:5)
  5 bullfrogs
  Dowan (D:5)
  A wyvern skeleton (D:9)
  7 scorpions
  9 killer bees
  3 wights (D:5)
  5 howler monkeys
  2 jellies (D:9)
  4 crimson imps
  2 quasits
  3 centaur zombies
  A human zombie (D:5)
  7 hounds
  12 orc wizards
  Crazy Yiuf (D:3)
  4 bullfrog skeletons
  15 orc priests
  Jessica (D:3)
  6 iguanas
  9 worker ants
  3 big kobold zombies (Ossuary)
  A killer bee zombie (D:6)
  2 mummies (Ossuary)
  Robin (D:3)
  A howler monkey zombie (D:11)
  2 worker ant zombies
  18 gnolls
  13 adders
  A howler monkey skeleton (D:6)
  3 shadow imps
  2 oozes
  2 adder skeletons
  3 adder zombies (Ossuary)
  4 worms
  4 dart slugs
  8 leopard geckos
  49 orcs
  2 giant cockroaches (D:2)
  21 goblins
  9 hobgoblins
  6 jackals
  5 quokkas
  2 ball pythons (D:1)
  12 bats
  6 frilled lizards
  8 hobgoblin zombies (Ossuary)
  2 jackal zombies (Ossuary)
  18 kobolds
  9 kobold zombies (Ossuary)
  3 leopard gecko skeletons
  9 orc zombies (Ossuary)
  10 rats
427 creatures vanquished.

Vanquished Creatures (collateral kills)
  A hippogriff (D:7)
  A worker ant (D:7)
  2 gnolls (D:7)
  A howler monkey skeleton (D:7)
  A shadow imp (D:7)
6 creatures vanquished.

Vanquished Creatures (others)
  A slave (D:8)
  2 goblins (D:10)
3 creatures vanquished.

Grand Total: 436 creatures vanquished

Notes
Turn   | Place    | Note
-------+----------+-------------------------------------------
     0 | D:1      | wisey the Minotaur Berserker began the quest for the Orb.
     0 | D:1      | Reached XP level 1. HP: 19/19 MP: 0/0
   202 | D:1      | Reached XP level 2. HP: 27/27 MP: 1/1
   469 | D:1      | Reached XP level 3. HP: 12/34 MP: 2/2
   530 | D:1      | Reached ** piety under Trog
   844 | D:2      | Reached XP level 4. HP: 41/41 MP: 3/3
   925 | D:2      | Reached skill level 5 in Maces & Flails
   940 | D:2      | Reached skill level 5 in Fighting
   974 | D:2      | Reached XP level 5. HP: 42/48 MP: 4/4
  1133 | D:2      | Found a basalt altar of Yredelemnul.
  1273 | D:3      | Reached *** piety under Trog
  1361 | D:3      | You fall through a shaft for 3 floors!
  1386 | D:5      | Entered Level 5 of the Dungeon
  1479 | D:5      | Noticed Blork the orc
  1490 | D:5      | Killed Blork the orc
  1490 | D:5      | Reached XP level 6. HP: 17/56 MP: 5/5
  1512 | D:5      | Noticed Rhok's ghost (amateur CeCK)
  1522 | D:5      | Killed Rhok's ghost
  1522 | D:5      | Reached skill level 5 in Armour
  1522 | D:5      | Reached XP level 7. HP: 7/62 MP: 6/6
  1522 | D:5      | HP: 2/93 [wight/enchanted great sword (6)]
  1607 | D:5      | Found a sand-covered staircase.
  1616 | Ossuary  | Entered an ossuary
  1949 | Ossuary  | Reached **** piety under Trog
  2186 | D:4      | Reached XP level 8. HP: 43/71 MP: 7/7
  2250 | D:3      | Found a runed door.
  2254 | D:3      | Noticed Crazy Yiuf
  2258 | D:3      | Killed Crazy Yiuf
  2444 | D:3      | Noticed Jessica
  2453 | D:3      | Killed Jessica
  2517 | D:3      | Found a radiant altar of Vehumet.
  2698 | D:3      | Noticed Robin
  2718 | D:3      | Killed Robin
  2718 | D:3      | Reached skill level 1 in Long Blades
  2991 | D:4      | Noticed jhonbiscuit's ghost (amateur TrMo)
  3008 | D:4      | Killed jhonbiscuit's ghost
  3008 | D:4      | Reached skill level 4 in Long Blades
  3419 | D:4      | Reached skill level 5 in Long Blades
  3542 | D:4      | Found a sacrificial altar of Ru.
  3626 | D:5      | Noticed Duvessa
  3626 | D:5      | Noticed Dowan
  3635 | D:5      | Killed Duvessa
  3652 | D:5      | Killed Dowan
  3652 | D:5      | Reached skill level 6 in Long Blades
  3868 | D:5      | Reached skill level 7 in Long Blades
  3980 | D:5      | Reached XP level 9. HP: 70/79 MP: 8/8
  4024 | D:5      | Reached ***** piety under Trog
  4028 | D:5      | Gained mutation: You have sharp toenails. [mutagenic meat]
  4029 | D:5      | Gained mutation: You are weak. (Str -2) [mutagenic meat]
  4030 | D:5      | Gained mutation: Your spells are a little harder to cast, but a little more powerful. [mutagenic meat]
  4294 | D:6      | Found a hide-covered altar of Uskayaw.
  4294 | D:6      | Noticed a dagger
  4294 | D:6      | Noticed a hand axe
  4562 | D:6      | Reached skill level 8 in Long Blades
  4712 | D:6      | Found Watech's Jewellery Shoppe.
  4793 | D:6      | Found Loloty's Jewellery Boutique.
  4941 | D:6      | Found an iron altar of Okawaru.
  5234 | D:7      | Noticed a troll
  5242 | D:7      | Killed a troll
  5242 | D:7      | Reached skill level 9 in Long Blades
  5248 | D:7      | Reached skill level 10 in Long Blades
  5277 | D:7      | Paralysed by fainting for 12 turns
  5570 | D:7      | Found a burning altar of Makhleb.
  6049 | D:7      | Noticed a troll
  6053 | D:7      | Killed a troll
  6053 | D:7      | Reached skill level 11 in Long Blades
  6056 | D:7      | Noticed a meliai
  6058 | D:7      | Killed a meliai
  6058 | D:7      | Reached XP level 10. HP: 75/88 MP: 9/9
  6170 | D:7      | Found a staircase to the Ecumenical Temple.
  6183 | D:7      | Found an iron altar of Okawaru.
  6529 | D:8      | Noticed Pikel
  6538 | D:8      | Killed Pikel
  6713 | D:8      | Reached skill level 12 in Long Blades
  7017 | D:9      | Noticed a white ugly thing
  7028 | D:9      | Killed a white ugly thing
  7039 | D:9      | Gained mutation: You are partially covered in rugged brown scales. (AC +1, +3% HP) [mutagenic meat]
  7203 | D:9      | Noticed a two-headed ogre
  7207 | D:9      | Killed a two-headed ogre
  7207 | D:9      | Reached skill level 13 in Long Blades
  7258 | D:9      | Noticed a two-headed ogre
  7265 | D:9      | Killed a two-headed ogre
  7265 | D:9      | Reached XP level 11. HP: 54/101 MP: 10/10
  7320 | D:9      | Found a deep blue altar of Sif Muna.
  7480 | D:9      | Received a gift from Trog
  7896 | D:10     | Entered Level 10 of the Dungeon
  7966 | D:10     | Noticed kae's ghost (journeyman GrEE)
  7977 | D:10     | Killed kae's ghost
  7977 | D:10     | Reached skill level 10 in Fighting
  7992 | D:10     | Noticed Fannar
  8021 | D:10     | Reached skill level 14 in Long Blades
  8033 | D:10     | Killed Fannar
  8033 | D:10     | Reached skill level 1 in Throwing
  8260 | D:10     | Found a staircase to the Orcish Mines.
  8368 | D:10     | Reached skill level 1 in Evocations
  8373 | D:10     | Found a corrupted altar of Lugonu.
  8551 | D:10     | Found a staircase to the Lair.
  8656 | D:10     | Received a gift from Trog
  8860 | D:10     | Lost mutation: You are weak. (Str -2) [potion of mutation]
  8860 | D:10     | Lost mutation: Your spells are a little harder to cast, but a little more powerful. [potion of mutation]
  8860 | D:10     | Gained mutation: You are partially covered in thin metallic scales. (AC +2) [potion of mutation]
  8860 | D:10     | Gained mutation: You are frail. (-10% HP) [potion of mutation]
  8860 | D:10     | Lost intelligence.
  8860 | D:10     | Gained mutation: You are dopey. (Int -2) [potion of mutation]
  8860 | D:10     | Gained mutation: Your spells are a little harder to cast, but a little more powerful. [potion of mutation]
  8863 | D:10     | Lost mutation: You are dopey. (Int -2) [potion of mutation]
  8863 | D:10     | Lost mutation: You are partially covered in rugged brown scales. (AC +1, +3% HP) [potion of mutation]
  8863 | D:10     | Lost mutation: You are partially covered in thin metallic scales. (AC +2) [potion of mutation]
  8863 | D:10     | Lost mutation: You are frail. (-10% HP) [potion of mutation]
  8863 | D:10     | Gained mutation: You can translocate small distances at will. [potion of mutation]
  8863 | D:10     | Gained mutation: Your flesh is cold resistant. (rC+) [potion of mutation]
  9333 | D:11     | Reached skill level 10 in Armour
  9733 | D:11     | Noticed a two-headed ogre
  9740 | D:11     | Killed a two-headed ogre
  9740 | D:11     | Reached skill level 15 in Long Blades
 10040 | D:11     | Noticed an unseen horror
 10046 | D:11     | Killed an unseen horror
 10438 | D:12     | Reached XP level 12. HP: 97/110 MP: 11/11
 10491 | D:12     | Noticed a seven-headed hydra
 10500 | D:12     | Killed an 11-headed hydra
 11000 | D:12     | Gained mutation: Potions are less effective at restoring your health. [mutagenic meat]
 11001 | D:12     | Gained mutation: You are surrounded by a mild repulsion field. (EV +2) [mutagenic meat]
 11002 | D:12     | Gained mutation: Your magical capacity is low. (-10% MP) [mutagenic meat]
 11003 | D:12     | Gained mutation: You possess an exceptional clarity of mind. [mutagenic meat]
 11405 | Orc:1    | Entered Level 1 of the Orcish Mines
 11756 | Orc:2    | Entered Level 2 of the Orcish Mines
 11756 | Orc:2    | Noticed a stone giant
 11779 | Orc:2    | Killed a stone giant
 11997 | Orc:2    | Found a staircase to the Elven Halls.
 12051 | Orc:2    | Found Lucwe's Weapon Shoppe.
 12054 | Orc:2    | Received a gift from Trog
 12055 | Orc:2    | Noticed a two-headed ogre
 12062 | Orc:2    | Found Teugics's Food Shoppe.
 12062 | Orc:2    | Noticed a two-headed ogre
 12063 | Orc:2    | Noticed a two-headed ogre
 12063 | Orc:2    | Killed a two-headed ogre
 12063 | Orc:2    | Reached skill level 16 in Long Blades
 12064 | Orc:2    | Noticed a two-headed ogre
 12065 | Orc:2    | Noticed a two-headed ogre
 12065 | Orc:2    | Noticed a two-headed ogre
 12065 | Orc:2    | Noticed an ettin
 12069 | Orc:2    | Noticed an ogre mage
 12069 | Orc:2    | Found Xozxuamp's Distillery.
 12069 | Orc:2    | Noticed an ogre mage
 12069 | Orc:2    | Noticed a two-headed ogre
 12069 | Orc:2    | HP: 5/112 [two-headed ogre/giant club (1)]
 12070 | Orc:2    | Annihilated by an ettin

Vault maps used:
D:1:      minmay_arrival_cross
D:2:      yredelemnul_altar_generic
D:3:      marbit_many_paths, uniq_jessica, uniq_crazy_yiuf_cottage, uniq_robin
D:4:      kennysheep_mini
D:5:      first_bread, enter_ossuary_3, uniq_blork_the_orc, uniq_duvessa
D:6:      dancing_weapons_uskayaw, serial_shops, shop, nicolae_shop_trees,
          okawaru_altar_gauntlet_db
D:7:      minmay_the_grid_octo_triangle, kennysheep_little_box,
          minmay_temple_entry_enclosed_plants, minmay_three_doors
D:8:      uniq_pikel
D:9:      led_sif_book
D:10:     lair_entry_dummy, erik_orc_3, grunt_livestock, lemuel_hellish_altar,
          uniq_fannar
Orc:1:    nicolae_orc_bridge_out
Orc:2:    st_orc_open, serial_shops, shop, david_defended_altar_orc
Ossuary:  ossuary_tomb_1

Skill      XL: |  1  2  3  4  5  6  7  8  9 10 11 12 |
---------------+-------------------------------------+-----
Maces & Flails | 4 5 6 7 8 |  8.7
Fighting       | 4 5 6 7 8 9 11 12 | 12.0
Armour         | 3 4 5 6 7 8 10 11 | 11.7
Long Blades    | 7 11 13 15 16 | 16.0
Dodging        | 3 4 |  4.2
Throwing       | 1 |  1.2
Evocations     | 1 |  1.1

Action                   |  1- 3 |  4- 6 |  7- 9 | 10-12 || total
-------------------------+-------+-------+-------+-------++-------
Melee: Mace              |    59 |   112 |   115 |       ||   286
       Headbutt          |     8 |    18 |    84 |    87 ||   197
       Great sword       |       |       |   185 |   252 ||   437
       Falchion          |       |       |    48 |       ||    48
       Kick              |       |       |    30 |   140 ||   170
       Double sword      |       |       |       |   202 ||   202
Throw: Tomahawk          |       |       |       |     7 ||     7
Invok: Berserk           |     1 |     2 |     3 |     7 ||    13
       Trog's Hand       |       |     1 |     3 |     6 ||    10
       Brothers in Arms  |       |       |     1 |       ||     1
 Abil: Blink             |       |       |       |     2 ||     2
Evoke: Wand              |       |       |       |     1 ||     1
  Use: Scroll            |       |       |    13 |     7 ||    20
       Potion            |       |       |       |     4 ||     4
  Eat: Chunk             |       |     4 |    17 |    25 ||    46
       Meat ration       |       |       |     1 |       ||     1
       Fruit             |       |       |     1 |     1 ||     2
       Bread ration      |       |       |     1 |     1 ||     2
       Royal jelly       |       |       |       |     1 ||     1
Armor: Animal skin       |     4 |       |       |       ||     4
       Plate armour      |    35 |    73 |   262 |   326 ||   696
       Skin              |       |       |    20 |       ||    20
       Ring mail         |       |       |     2 |       ||     2
Dodge: Dodged            |    35 |    39 |   185 |   191 ||   450
       Rpst.: Great sword |       |       |    31 |    25 ||    56
       Falchion          |       |       |     9 |       ||     9
       Double sword      |       |       |       |    24 ||    24

Table legend:
 A = Spawn XP
 B = Non-spawn XP
 C = Spawn XP percentage of total XP
 D = Spawn monster count
 E = Non-spawn monster count
 F = Spawn count percentage of total count
 G = Total turns spent on level
                    A         B        C        D         E        F      G
               +---------+---------+-------+---------+---------+-------+---------
         Total |       0 |   31392 |   0.0 |       0 |     432 |   0.0 | 12070
               +---------+---------+-------+---------+---------+-------+---------
           D:1 |       0 |      49 |   0.0 |       0 |      27 |   0.0 |   810
           D:2 |       0 |     189 |   0.0 |       0 |      30 |   0.0 |   401
           D:3 |       0 |     205 |   0.0 |       0 |      43 |   0.0 |   804
           D:4 |       0 |     689 |   0.0 |       0 |      16 |   0.0 |   804
           D:5 |       0 |    1493 |   0.0 |       0 |      27 |   0.0 |   959
           D:6 |       0 |     654 |   0.0 |       0 |      25 |   0.0 |   912
           D:7 |       0 |    2324 |   0.0 |       0 |      29 |   0.0 |  1064
           D:8 |       0 |    1792 |   0.0 |       0 |      20 |   0.0 |   751
           D:9 |       0 |    4687 |   0.0 |       0 |      42 |   0.0 |   888
          D:10 |       0 |    5888 |   0.0 |       0 |      43 |   0.0 |  1353
          D:11 |       0 |    3011 |   0.0 |       0 |      15 |   0.0 |  1174
          D:12 |       0 |    4290 |   0.0 |       0 |      32 |   0.0 |   982
         Orc:1 |       0 |     286 |   0.0 |       0 |       2 |   0.0 |   351
         Orc:2 |       0 |    5531 |   0.0 |       0 |      43 |   0.0 |   314
       Ossuary |       0 |     304 |   0.0 |       0 |      38 |   0.0 |   503
               +---------+---------+-------+---------+---------+-------+---------
